[Event "VIII Lorca Open-A 2019"]
[Site "Lorca"]
[Date "2019.12.28"]
[Round "5.3"]
[White "Lopez Martinez, Josep Manuel"]
[Black "Marin, Mihail"]
[Result "1/2-1/2"]
[ECO "A81"]
[WhiteElo "2561"]
[BlackElo "2496"]
[Annotator "RC"]
[PlyCount "101"]
[EventDate "2019.12.26"]
[EventType "swiss"]
[EventCountry "ESP"]
[SourceTitle "playchess.com"]
[Source "ChessBase"]
[SourceQuality "1"]
[TimeControl "5400+30"]

1. d4 f5 2. g3 Nf6 3. Bg2 g6 4. Nf3 Bg7 5. O-O O-O 6. b3 d6 7. Bb2 Qe8 8. Nbd2 Nc6 9. Nc4 e6 10. a4 a5 11. Ne1 b6 12. Nd3 Bb7 13. Na3 Qc8 14. c4 Nd8 15. f3 Nf7 16. Qc2 Re8 17. Rae1 e5 18. d5 c6 19. dxc6 Bxc6 20. e4 Qb7 21. Nb5 Rad8 22. Nc3 Ng5 23. Nd5 Nxd5 24. exd5 Bd7 25. f4 Nf7 26. Qf2 e4 27. Bxg7 Kxg7 28. Qb2+ Kg8 29. Nc1 Qc7 30. Ne2 Rc8 31. Nd4 Qd8 32. Kh1 Qf6 33. Qf2 Nd8 34. g4 Nb7 35. gxf5 gxf5 36. Qe3 Nc5 37. Rg1 Kh8 38. Bf1 Rg8 39. Be2 Rxg1+ 40. Rxg1 Rg8 41. Rxg8+ Kxg8 42. Kg1 Kf8 43. Kg2 Qh4 44. Qf2 Qxf2+ 45. Kxf2 Ke7 46. Ke3 Kf6 47. Kd2 Ke7 48. Kc3 Kf6 49. Kd2 Ke7 50. Kc3 Kf6 51. Kd2 1/2-1/2

[Event "VIII Lorca Open-A 2019"]
[Site "Lorca"]
[Date "2019.12.28"]
[Round "5.4"]
[White "Krysa, Leandro"]
[Black "Villanueva, Mario"]
[Result "1/2-1/2"]
[ECO "A30"]
[WhiteElo "2527"]
[BlackElo "2486"]
[Annotator "ChessBase"]
[PlyCount "37"]
[EventDate "2019.12.26"]
[EventType "swiss"]
[EventCountry "ESP"]
[SourceTitle "playchess.com"]
[Source "ChessBase"]
[SourceQuality "1"]
[TimeControl "5400+30"]

1. c4 b6 2. Nf3 Bb7 3. g3 Nf6 4. Bg2 c5 5. O-O g6 6. d4 cxd4 7. Qxd4 Bg7 8. Nc3 d6 9. b3 Nbd7 10. Bb2 O-O 11. Rfd1 a6 12. Qe3 Nc5 13. Nd4 Bxg2 14. Kxg2 e6 15. Qf3 Qc7 16. Rac1 Rac8 17. h3 Rfd8 18. Kh2 h5 19. Kg1 1/2-1/2

[Event "VIII Lorca Open-A 2019"]
[Site "Lorca"]
[Date "2019.12.28"]
[Round "5.5"]
[White "Low, Zhen Yu Cyrus"]
[Black "Bjerre, Jonas Buhl"]
[Result "1-0"]
[ECO "B94"]
[WhiteElo "2420"]
[BlackElo "2526"]
[Annotator "ChessBase"]
[PlyCount "99"]
[EventDate "2019.12.26"]
[EventType "swiss"]
[EventCountry "ESP"]
[SourceTitle "playchess.com"]
[Source "ChessBase"]
[SourceQuality "1"]
[TimeControl "5400+30"]

1. e4 c5 2. Nf3 d6 3. d4 cxd4 4. Nxd4 Nf6 5. Nc3 a6 6. Bg5 Nbd7 7. Bc4 Qb6 8. O-O e6 9. Qd2 Be7 10. Be3 Nc5 11. Nb3 Qc6 12. Nxc5 dxc5 13. Be2 O-O 14. e5 Ne4 15. Nxe4 Qxe4 16. f4 Rd8 17. Bf3 Rxd2 18. Bxe4 Re2 19. Rf3 Bd7 20. Bd3 Rxe3 21. Rxe3 c4 22. Bxc4 Bc5 23. Kf2 Bc6 24. g3 Rd8 25. Ke2 Bxe3 26. Kxe3 Kf8 27. Bd3 Ke7 28. b4 Ba4 29. c4 Kd7 30. Rf1 g6 31. g4 Ke7 32. f5 exf5 33. gxf5 Bd7 34. e6 Be8 35. exf7 Bxf7 36. f6+ Kd6 37. Ke4 b6 38. a3 Kc6 39. Rf2 Rd6 40. Bf1 Re6+ 41. Kd4 Rd6+ 42. Kc3 Kd7 43. Bg2 Ke8 44. c5 bxc5 45. bxc5 Rd1 46. Rf1 Rd8 47. Re1+ Kf8 48. c6 Be8 49. c7 Rc8 50. Re7 1-0

[Event "VIII Lorca Open-A 2019"]
[Site "Lorca"]
[Date "2019.12.28"]
[Round "5.6"]
[White "Maiorov, Nikita"]
[Black "Merario Alarcon, Andres"]
[Result "0-1"]
[ECO "E46"]
[WhiteElo "2523"]
[BlackElo "2417"]
[Annotator "ChessBase"]
[PlyCount "131"]
[EventDate "2019.12.26"]
[EventType "swiss"]
[EventCountry "ESP"]
[SourceTitle "playchess.com"]
[Source "ChessBase"]
[SourceQuality "1"]
[TimeControl "5400+30"]

1. d4 Nf6 2. c4 e6 3. Nc3 Bb4 4. e3 O-O 5. Nge2 Re8 6. a3 Bf8 7. Ng3 d5 8. cxd5 exd5 9. Be2 b6 10. b4 c5 11. bxc5 bxc5 12. dxc5 Qa5 13. Bd2 Qxc5 14. O-O Ba6 15. Bxa6 Nxa6 16. Qa4 Qc8 17. Nce2 Nc5 18. Qd1 Qa6 19. Bb4 Rad8 20. Nd4 Nce4 21. Nge2 Rc8 22. Nf4 g6 23. Qd3 Qc4 24. Qb1 Bh6 25. Rc1 Qa6 26. Qb2 Bxf4 27. exf4 Rxc1+ 28. Rxc1 Qd3 29. Nc6 h5 30. h3 h4 31. Ne5 Qb5 32. Qd4 Qb7 33. Nc6 a5 34. Bxa5 Nh5 35. Bd2 Qb5 36. Be3 Ng7 37. Qb4 Qd3 38. Ne5 Qa6 39. Qb3 Qa8 40. Ng4 Nf5 41. f3 Rb8 42. Qd3 Neg3 43. Kh2 Rc8 44. Re1 Qc6 45. Bd4 Qc4 46. Nf6+ Kf8 47. Qxc4 dxc4 48. Bc3 Ne3 49. Kg1 Ngf5 50. Kf2 Rd8 51. Bb4+ Kg7 52. Ne4 Rd3 53. Bc3+ Kh6 54. Bd2 Nd5 55. Bc1 f6 56. a4 c3 57. a5 Rd4 58. Nc5 Rc4 59. Ba3 Nd4 60. Nd7 Ra4 61. Bf8+ Kh7 62. Bc5 Ra2+ 63. Kf1 Nf5 64. Nb6 Nxf4 65. Bf2 Nd3 66. Rb1 0-1

[Event "VIII Lorca Open-A 2019"]
[Site "Lorca"]
[Date "2019.12.28"]
[Round "5.7"]
[White "Narciso Dublan, Marc"]
[Black "Peng, Li Min"]
[Result "1-0"]
[ECO "A42"]
[WhiteElo "2516"]
[BlackElo "2451"]
[Annotator "ChessBase"]
[PlyCount "105"]
[EventDate "2019.12.26"]
[EventType "swiss"]
[EventCountry "ESP"]
[SourceTitle "playchess.com"]
[Source "ChessBase"]
[SourceQuality "1"]
[TimeControl "5400+30"]

1. c4 g6 2. d4 Bg7 3. e4 d6 4. Nc3 e5 5. Nge2 Ne7 6. dxe5 dxe5 7. Qxd8+ Kxd8 8. Bg5 c6 9. Rd1+ Ke8 10. Nc1 Be6 11. b4 f5 12. exf5 gxf5 13. Nb3 Nd7 14. Be2 Kf7 15. Na5 Rab8 16. O-O Rhc8 17. c5 e4 18. Bh5+ Ng6 19. Ne2 Nf6 20. Bxg6+ hxg6 21. Bf4 b6 22. Nxc6 Rxc6 23. Bxb8 bxc5 24. bxc5 Rxc5 25. Bxa7 Ra5 26. Bd4 Rxa2 27. Nc3 Ra6 28. Ra1 Rc6 29. Ra7+ Nd7 30. Bxg7 Kxg7 31. Nb5 Kf6 32. Nd4 Rd6 33. Nxe6 Kxe6 34. Rfa1 Nc5 35. h4 Ke5 36. R7a5 Kd4 37. g3 Rb6 38. Rd1+ Nd3 39. h5 gxh5 40. Rxf5 e3 41. fxe3+ Kxe3 42. Rxh5 Rg6 43. Kh2 Nf2 44. Re1+ Kd4 45. Rh8 Rd6 46. Rh4+ Kc3 47. Kg2 Nd3 48. Re2 Rg6 49. Rhe4 Nc5 50. Re8 Rd6 51. g4 Kd3 52. Kg3 Nd7 53. R2e6 1-0

[Event "VIII Lorca Open-A 2019"]
[Site "Lorca"]
[Date "2019.12.28"]
[Round "5.8"]
[White "Sadzikowski, Daniel"]
[Black "Matta, Vinay Kumar"]
[Result "1-0"]
[ECO "E63"]
[WhiteElo "2504"]
[BlackElo "2300"]
[Annotator "ChessBase"]
[PlyCount "93"]
[EventDate "2019.12.26"]
[EventType "swiss"]
[EventCountry "ESP"]
[SourceTitle "playchess.com"]
[Source "ChessBase"]
[SourceQuality "1"]
[TimeControl "5400+30"]

1. d4 Nf6 2. c4 g6 3. Nf3 Bg7 4. g3 O-O 5. Bg2 Nc6 6. O-O d6 7. Nc3 a6 8. b3 Rb8 9. d5 Nxd5 10. cxd5 Bxc3 11. Bh6 Ne5 12. Bxf8 Bxa1 13. Bxe7 Qxe7 14. Qxa1 Nxf3+ 15. Bxf3 Bd7 16. Rc1 Rc8 17. Rc4 c5 18. dxc6 bxc6 19. Ra4 c5 20. Rxa6 Bb5 21. Rb6 Bxe2 22. Bxe2 Qxe2 23. Rxd6 c4 24. bxc4 Qxc4 25. a4 Qb4 26. Rd1 Qa5 27. Qd4 Ra8 28. Rb1 Rd8 29. Qe4 Qc3 30. Kg2 Kg7 31. h4 h5 32. Re1 Kg8 33. Re3 Qa5 34. Qc6 Rd4 35. Re4 Rxe4 36. Qxe4 Kf8 37. Qc6 Kg7 38. Qb5 Qa8+ 39. Kg1 Qe4 40. a5 Qe1+ 41. Kg2 Qe4+ 42. Kh2 Qd4 43. Qb6 Qe4 44. a6 Qe2 45. a7 Qa2 46. Kg1 Qd5 47. Qb8 1-0

[Event "VIII Lorca Open-A 2019"]
[Site "Lorca"]
[Date "2019.12.28"]
[Round "5.9"]
[White "Pogorelov, Ruslan"]
[Black "Harutyunian, Tigran K."]
[Result "1/2-1/2"]
[ECO "E61"]
[WhiteElo "2377"]
[BlackElo "2540"]
[Annotator "ChessBase"]
[PlyCount "141"]
[EventDate "2019.12.26"]
[EventType "swiss"]
[EventCountry "ESP"]
[SourceTitle "playchess.com"]
[Source "ChessBase"]
[SourceQuality "1"]
[TimeControl "5400+30"]

1. Nf3 Nf6 2. c4 d6 3. d4 g6 4. Nc3 Bf5 5. Qb3 b6 6. e3 Bg7 7. Be2 O-O 8. O-O Nc6 9. Rd1 Qc8 10. Bd2 Re8 11. Be1 e5 12. dxe5 dxe5 13. Qa4 Qb7 14. Rac1 Nd7 15. Nd5 Nc5 16. Qa3 a5 17. b3 Nb4 18. Nxb4 axb4 19. Qb2 Bd3 20. Qd2 Red8 21. Bxd3 Nxd3 22. Rc2 c5 23. Qe2 e4 24. Ng5 h6 25. Nh3 g5 26. f3 exf3 27. Qxf3 Qxf3 28. gxf3 Nxe1 29. Rxe1 Bc3 30. Ree2 Rd1+ 31. Kg2 f5 32. f4 g4 33. Nf2 Ra1 34. e4 h5 35. exf5 Kf7 36. h3 gxh3+ 37. Kxh3 Kf6 38. Ne4+ Kxf5 39. Nxc3 bxc3 40. Rxc3 R8xa2 41. Rxa2 Rxa2 42. Re3 Rb2 43. Kg3 h4+ 44. Kxh4 Kxf4 45. Rh3 Rg2 46. Rh1 Rg3 47. Kh5 Ke4 48. Rb1 Re3 49. Kg4 Kd3 50. Kf4 Kc2 51. Rh1 Rxb3 52. Ke5 Kc3 53. Kd5 Kb4 54. Rc1 Rd3+ 55. Kc6 Rc3 56. Rb1+ Kxc4 57. Kxb6 Rc2 58. Kc6 Rc3 59. Kb6 Kd3 60. Kb5 Kc2 61. Rh1 Kb2 62. Rh8 c4 63. Kb4 Rc2 64. Rh3 c3 65. Rg3 Rc1 66. Rh3 Rc2 67. Rg3 Rc1 68. Rh3 c2 69. Rb3+ Ka2 70. Ra3+ Kb2 71. Rb3+ 1/2-1/2

[Event "VIII Lorca Open-A 2019"]
[Site "Lorca"]
[Date "2019.12.28"]
[Round "5.10"]
[White "Manu David Suthandram R"]
[Black "Sosa, Tomas"]
[Result "1/2-1/2"]
[ECO "C50"]
[WhiteElo "2369"]
[BlackElo "2520"]
[Annotator "ChessBase"]
[PlyCount "41"]
[EventDate "2019.12.26"]
[EventType "swiss"]
[EventCountry "ESP"]
[SourceTitle "playchess.com"]
[Source "ChessBase"]
[SourceQuality "1"]
[TimeControl "5400+30"]

1. e4 e5 2. Nf3 Nc6 3. Bc4 Nf6 4. O-O Bc5 5. d4 Bxd4 6. Nxd4 Nxd4 7. f4 d6 8. fxe5 dxe5 9. Bg5 Be6 10. Na3 Qe7 11. c3 Bxc4 12. Bxf6 gxf6 13. Nxc4 Ne6 14. Kh1 Qc5 15. Qb3 O-O-O 16. Rxf6 Nf4 17. Rf1 Rhg8 18. Nxe5 Rxg2 19. Qxf7 Qf2 20. Qe6+ Nxe6 21. R6xf2 1/2-1/2

[Event "VIII Lorca Open-A 2019"]
[Site "Lorca"]
[Date "2019.12.28"]
[Round "5.11"]
[White "Hernandez Leon, Alberto"]
[Black "Klekowski, Maciej"]
[Result "0-1"]
[ECO "A80"]
[WhiteElo "2277"]
[BlackElo "2514"]
[Annotator "ChessBase"]
[PlyCount "84"]
[EventDate "2019.12.26"]
[EventType "swiss"]
[EventCountry "ESP"]
[SourceTitle "playchess.com"]
[Source "ChessBase"]
[SourceQuality "1"]
[TimeControl "5400+30"]

1. d4 f5 2. Nf3 Nf6 3. Bf4 g6 4. e3 Bg7 5. Bc4 e6 6. h3 d6 7. Nc3 Qe7 8. Qe2 Nc6 9. O-O O-O 10. Rfe1 Ne4 11. Bh2 Nxc3 12. bxc3 Na5 13. Bb3 Kh8 14. e4 f4 15. e5 d5 16. c4 c6 17. Qd2 Nxb3 18. cxb3 g5 19. a3 h6 20. Qb4 Qe8 21. cxd5 cxd5 22. Rac1 Rf7 23. Qc3 Bf8 24. a4 a5 25. Qd3 Kg7 26. Rc2 b6 27. Rec1 Ba6 28. Qd1 Ba3 29. Ra1 Bb4 30. h4 Qe7 31. Rc6 g4 32. Ne1 h5 33. Nd3 Raf8 34. Rxb6 g3 35. Rxa6 Qxh4 36. Rxe6 Qxh2+ 37. Kf1 f3 38. gxf3 Qh1+ 39. Ke2 Qxf3+ 40. Kf1 Qh1+ 41. Ke2 Rxf2+ 42. Nxf2 Rxf2+ 0-1

[Event "VIII Lorca Open-A 2019"]
[Site "Lorca"]
[Date "2019.12.28"]
[Round "5.12"]
[White "Holm, Kristian Stuvik"]
[Black "Garcia Romero, Benjamin Abel"]
[Result "1/2-1/2"]
[ECO "D94"]
[WhiteElo "2489"]
[BlackElo "2231"]
[Annotator "ChessBase"]
[PlyCount "110"]
[EventDate "2019.12.26"]
[EventType "swiss"]
[EventCountry "ESP"]
[SourceTitle "playchess.com"]
[Source "ChessBase"]
[SourceQuality "1"]
[TimeControl "5400+30"]

1. d4 d5 2. c4 c6 3. Nc3 Nf6 4. e3 a6 5. Nf3 g6 6. Be2 Bg7 7. O-O O-O 8. b3 Re8 9. h3 e6 10. Qc2 Nbd7 11. Ba3 b6 12. Rad1 Bb7 13. e4 Nxe4 14. Nxe4 dxe4 15. Qxe4 Qc7 16. c5 b5 17. Bb2 Nxc5 18. dxc5 Bxb2 19. Rd6 Rad8 20. Rfd1 Bf6 21. Qf4 Be7 22. Rxd8 Bxd8 23. Qxc7 Bxc7 24. Rd7 Rc8 25. Ng5 Bf4 26. Rxf7 Bxg5 27. Rxb7 Rd8 28. Bg4 Kf8 29. Rb6 h5 30. Bf3 Be7 31. Rxc6 b4 32. g4 hxg4 33. Bxg4 Rd5 34. Rc8+ Kf7 35. c6 Rc5 36. Be2 a5 37. Bc4 Bd6 38. Kg2 a4 39. Kf3 axb3 40. axb3 Ke7 41. Ke4 Rh5 42. Rg8 Rh4+ 43. Ke3 Rxh3+ 44. Ke2 Rh5 45. Rxg6 Re5+ 46. Kd3 Bc7 47. Ba6 Kd6 48. Bb7 Kc5 49. f3 Rd5+ 50. Kc2 Rf5 51. Rg7 Kb6 52. Rg4 Kb5 53. Rg7 Kb6 54. Rg4 Kb5 55. f4 Rxf4 1/2-1/2

[Event "VIII Lorca Open-A 2019"]
[Site "Lorca"]
[Date "2019.12.28"]
[Round "5.13"]
[White "Gascon Del Nogal, Jose Rafael"]
[Black "Espineira Gonzalez, Diego"]
[Result "1-0"]
[ECO "D37"]
[WhiteElo "2475"]
[BlackElo "2331"]
[Annotator "ChessBase"]
[PlyCount "43"]
[EventDate "2019.12.26"]
[EventType "swiss"]
[EventCountry "ESP"]
[SourceTitle "playchess.com"]
[Source "ChessBase"]
[SourceQuality "1"]
[TimeControl "5400+30"]

1. e3 d5 2. Nf3 Nf6 3. c4 e6 4. d4 Nbd7 5. Nc3 Be7 6. Qc2 O-O 7. cxd5 exd5 8. g4 c6 9. g5 Nh5 10. Bd3 g6 11. Bd2 Re8 12. O-O-O Nf8 13. Ne2 Ne6 14. Ng3 Neg7 15. Nxh5 Nxh5 16. Ne5 Bxg5 17. Rdg1 Qe7 18. f4 Bf6 19. f5 g5 20. h4 g4 21. Rxg4+ Kh8 22. Bb4 1-0

[Event "VIII Lorca Open-A 2019"]
[Site "Lorca"]
[Date "2019.12.28"]
[Round "5.13"]
[White "Gascon Del Nogal, Jose Rafael"]
[Black "Espineira Gonzalez, Diego"]
[Result "*"]
[ECO "B90"]
[WhiteElo "2475"]
[BlackElo "2331"]
[Annotator "ChessBase"]
[PlyCount "36"]
[EventDate "2019.12.26"]
[EventType "swiss"]
[EventCountry "ESP"]
[SourceTitle "playchess.com"]
[Source "ChessBase"]
[SourceQuality "1"]
[TimeControl "5400+30"]

1. e4 c5 2. Nf3 d6 3. d4 cxd4 4. Nxd4 Nf6 5. Nc3 a6 6. f3 e5 7. Nb3 Be6 8. Be3 Be7 9. Qd2 Nbd7 10. O-O-O O-O 11. g4 b5 12. g5 Nh5 13. Kb1 Nb6 14. Na5 Qc7 15. Nd5 Nxd5 16. exd5 Bf5 17. Rc1 f6 18. gxf6 Bxf6 *

[Event "VIII Lorca Open-A 2019"]
[Site "Lorca"]
[Date "2019.12.28"]
[Round "5.14"]
[White "Alonso Garcia, Aaron"]
[Black "Raja Harshit"]
[Result "*"]
[ECO "B90"]
[WhiteElo "2258"]
[BlackElo "2447"]
[Annotator "NA RC"]
[PlyCount "61"]
[EventDate "2019.12.26"]
[EventType "swiss"]
[EventCountry "ESP"]
[SourceTitle "playchess.com"]
[Source "ChessBase"]
[SourceQuality "1"]
[TimeControl "5400+30"]

1. e4 c5 2. Nf3 d6 3. d4 cxd4 4. Nxd4 Nf6 5. Nc3 a6 6. f3 e5 7. Nb3 Be6 8. Be3 Be7 9. Qd2 Nbd7 10. O-O-O O-O 11. g4 b5 12. g5 Nh5 13. Kb1 Nb6 14. Na5 Qc7 15. Nd5 Nxd5 16. exd5 Bf5 17. Rc1 f6 18. gxf6 Bxf6 19. Ka1 b4 20. Nc6 a5 21. Bd3 Qd7 22. Rhg1 Bxd3 23. Qxd3 Nf4 24. Bxf4 exf4 25. Kb1 Qh3 26. Rce1 Rfe8 27. Re2 Kf8 28. Rge1 Bh4 29. Rxe8+ Rxe8 30. Rxe8+ Kxe8 31. a3 *

[Event "VIII Lorca Open-A 2019"]
[Site "Lorca"]
[Date "2019.12.28"]
[Round "5.15"]
[White "Plazuelo Pascual, Juan"]
[Black "Godbole, Atharva"]
[Result "1/2-1/2"]
[ECO "D85"]
[WhiteElo "2433"]
[BlackElo "2148"]
[Annotator "NA"]
[PlyCount "30"]
[EventDate "2019.12.26"]
[EventType "swiss"]
[EventCountry "ESP"]
[SourceTitle "playchess.com"]
[Source "ChessBase"]
[SourceQuality "1"]
[TimeControl "5400+30"]

1. d4 Nf6 2. c4 g6 3. Nc3 d5 4. cxd5 Nxd5 5. Na4 Bg7 6. e4 Nb6 7. Be3 O-O 8. Nf3 Nxa4 9. Qxa4 c5 10. Rd1 Bd7 11. Qa3 cxd4 12. Nxd4 Qc7 13. Be2 a6 14. O-O Nc6 15. Nb3 Rfd8 1/2-1/2

[Event "VIII Lorca Open-A 2019"]
[Site "Lorca"]
[Date "2019.12.28"]
[Round "5.15"]
[White "Plazuelo Pascual, Juan"]
[Black "Godbole, Atharva"]
[Result "*"]
[ECO "B06"]
[WhiteElo "2433"]
[BlackElo "2148"]
[Annotator "NA"]
[PlyCount "21"]
[EventDate "2019.12.26"]
[EventType "swiss"]
[EventCountry "ESP"]
[SourceTitle "playchess.com"]
[Source "ChessBase"]
[SourceQuality "1"]
[TimeControl "5400+30"]

1. d4 d6 2. Nf3 g6 3. e4 Bg7 4. h3 Nd7 5. Nc3 a6 6. a4 b6 7. Be2 e6 8. O-O Bb7 9. Be3 Ne7 10. Qd2 h6 11. Nh2 *

[Event "VIII Lorca Open-A 2019"]
[Site "Lorca"]
[Date "2019.12.28"]
[Round "5.16"]
[White "Arias Igual, Alejandro"]
[Black "Budnikov, Oleg"]
[Result "1/2-1/2"]
[ECO "B06"]
[WhiteElo "2208"]
[BlackElo "2429"]
[Annotator "ChessBase"]
[PlyCount "73"]
[EventDate "2019.12.26"]
[EventType "swiss"]
[EventCountry "ESP"]
[SourceTitle "playchess.com"]
[Source "ChessBase"]
[SourceQuality "1"]
[TimeControl "5400+30"]

1. d4 d6 2. Nf3 g6 3. e4 Bg7 4. h3 Nd7 5. Nc3 a6 6. a4 b6 7. Be2 e6 8. O-O Bb7 9. Be3 Ne7 10. Qd2 h6 11. Nh2 f5 12. exf5 Nxf5 13. Bf3 d5 14. Ne2 h5 15. Rae1 O-O 16. c3 Nxe3 17. Qxe3 e5 18. dxe5 Nxe5 19. Nd4 Qf6 20. Bd1 c5 21. Ndf3 Nc4 22. Qc1 b5 23. Bb3 Rae8 24. axb5 axb5 25. Rxe8 Rxe8 26. Re1 Rxe1+ 27. Qxe1 Nd6 28. Qe3 c4 29. Bc2 b4 30. Nd4 b3 31. Bb1 Ne4 32. Nhf3 Qa6 33. Qf4 Qa8 34. Ne6 Qe8 35. Nxg7 Kxg7 36. Nd4 Qe7 37. Bxe4 1/2-1/2

[Event "VIII Lorca Open-A 2019"]
[Site "Lorca"]
[Date "2019.12.28"]
[Round "5.16"]
[White "Arias Igual, Alejandro"]
[Black "Budnikov, Oleg"]
[Result "*"]
[ECO "D37"]
[WhiteElo "2208"]
[BlackElo "2429"]
[Annotator "NA"]
[PlyCount "24"]
[EventDate "2019.12.26"]
[EventType "swiss"]
[EventCountry "ESP"]
[SourceTitle "playchess.com"]
[Source "ChessBase"]
[SourceQuality "1"]
[TimeControl "5400+30"]

1. e3 d5 2. Nf3 Nf6 3. c4 e6 4. d4 Nbd7 5. Nc3 Be7 6. Qc2 O-O 7. cxd5 exd5 8. g4 c6 9. g5 Nh5 10. Bd3 g6 11. Bd2 Re8 12. O-O-O Nf8 *

[Event "VIII Lorca Open-A 2019"]
[Site "Lorca"]
[Date "2019.12.29"]
[Round "6.1"]
[White "Bernadskiy, Vitaliy"]
[Black "Sadzikowski, Daniel"]
[Result "1-0"]
[ECO "C01"]
[WhiteElo "2593"]
[BlackElo "2504"]
[Annotator "ChessBase"]
[PlyCount "65"]
[EventDate "2019.12.26"]
[EventType "swiss"]
[EventCountry "ESP"]
[SourceTitle "playchess.com"]
[Source "ChessBase"]
[SourceQuality "1"]
[TimeControl "5400+30"]

1. e4 e6 2. d4 d5 3. Bd3 dxe4 4. Bxe4 Nf6 5. Bf3 c5 6. Ne2 Nc6 7. Be3 cxd4 8. Nxd4 Ne5 9. Nc3 a6 10. Qe2 Nxf3+ 11. Qxf3 Be7 12. O-O-O Qc7 13. g4 O-O 14. g5 Ne8 15. h4 Bd7 16. h5 Rc8 17. Bf4 Qc5 18. Ne4 Qa5 19. Kb1 f6 20. g6 h6 21. Qe3 Nc7 22. Nb3 Qf5 23. Rxd7 Nd5 24. Rxd5 exd5 25. Nc3 Rfe8 26. Nd4 Qg4 27. f3 Qd7 28. Qd3 Bd6 29. Bxd6 Qxd6 30. Nf5 Qe5 31. f4 Qxf4 32. Qxd5+ Kh8 33. Nd6 1-0

[Event "VIII Lorca Open-A 2019"]
[Site "Lorca"]
[Date "2019.12.29"]
[Round "6.2"]
[White "Sivuk, Vitaly"]
[Black "Low, Zhen Yu Cyrus"]
[Result "1/2-1/2"]
[ECO "A49"]
[WhiteElo "2588"]
[BlackElo "2420"]
[Annotator "ChessBase"]
[PlyCount "69"]
[EventDate "2019.12.26"]
[EventType "swiss"]
[EventCountry "ESP"]
[SourceTitle "playchess.com"]
[Source "ChessBase"]
[SourceQuality "1"]
[TimeControl "5400+30"]

1. c4 Nf6 2. Nf3 g6 3. b3 Bg7 4. Bb2 c5 5. g3 d6 6. d4 Ne4 7. Bg2 Qa5+ 8. Nfd2 Nxd2 9. Bc3 Qb6 10. dxc5 Nxb1 11. Bxg7 Qb4+ 12. Kf1 Nd2+ 13. Kg1 Rg8 14. Bd4 dxc5 15. Be3 Nxc4 16. bxc4 Nc6 17. Rb1 Qxc4 18. Bd5 Qa6 19. Qb3 Nd8 20. Bxc5 Be6 21. Bxb7 Qxb7 22. Qxb7 Nxb7 23. Rxb7 O-O-O 24. Rxa7 Bh3 25. f3 Rd1+ 26. Kf2 Rxh1 27. Ra8+ Kd7 28. Rxg8 Rxh2+ 29. Ke1 Be6 30. Ra8 Bc4 31. Ra7+ Kc6 32. Bf2 Rh1+ 33. Kd2 Ra1 34. Rxe7 Rxa2+ 35. Ke1 1/2-1/2

[Event "VIII Lorca Open-A 2019"]
[Site "Lorca"]
[Date "2019.12.29"]
[Round "6.3"]
[White "Merario Alarcon, Andres"]
[Black "Narciso Dublan, Marc"]
[Result "0-1"]
[ECO "D10"]
[WhiteElo "2417"]
[BlackElo "2516"]
[Annotator "ChessBase"]
[PlyCount "62"]
[EventDate "2019.12.26"]
[EventType "swiss"]
[EventCountry "ESP"]
[SourceTitle "playchess.com"]
[Source "ChessBase"]
[SourceQuality "1"]
[TimeControl "5400+30"]

1. d4 d5 2. c4 c6 3. cxd5 cxd5 4. Bf4 Nc6 5. e3 Nf6 6. Nc3 a6 7. Be2 e6 8. Nf3 Be7 9. O-O Nh5 10. Bg5 Bxg5 11. Nxg5 Qxg5 12. Bxh5 O-O 13. f4 Qe7 14. Rc1 Bd7 15. Na4 Rfd8 16. Nb6 Rab8 17. Rc5 Be8 18. Qb3 Rd6 19. Na4 Qd8 20. Rc3 Na5 21. Qd1 Nc4 22. Be2 Qa5 23. Bxc4 dxc4 24. Ra3 Qb4 25. Qe1 a5 26. Qc3 b6 27. Qc2 f6 28. Nc3 b5 29. Ne4 Bg6 30. f5 Bxf5 31. Rxf5 exf5 0-1

[Event "VIII Lorca Open-A 2019"]
[Site "Lorca"]
[Date "2019.12.29"]
[Round "6.6"]
[White "Klekowski, Maciej"]
[Black "Krysa, Leandro"]
[Result "1/2-1/2"]
[ECO "A13"]
[WhiteElo "2514"]
[BlackElo "2527"]
[Annotator "ChessBase"]
[PlyCount "54"]
[EventDate "2019.12.26"]
[EventType "swiss"]
[EventCountry "ESP"]
[SourceTitle "playchess.com"]
[Source "ChessBase"]
[SourceQuality "1"]
[TimeControl "5400+30"]

1. c4 e6 2. Nf3 d5 3. g3 dxc4 4. Qa4+ Nd7 5. Qxc4 a6 6. Bg2 b5 7. Qc2 Bb7 8. O-O c5 9. a4 Ngf6 10. Nc3 Qb6 11. axb5 axb5 12. Rxa8+ Bxa8 13. d3 Be7 14. Be3 O-O 15. h3 Qa6 16. Qb3 b4 17. Nb1 Bd5 18. Qc2 c4 19. Rc1 cxd3 20. Qxd3 Qxd3 21. exd3 Ra8 22. Nbd2 h6 23. Bd4 Ne8 24. Nc4 Rc8 25. Nfd2 Bxg2 26. Kxg2 Nd6 27. Ra1 Nb5 1/2-1/2

[Event "VIII Lorca Open-A 2019"]
[Site "Lorca"]
[Date "2019.12.29"]
[Round "6.7"]
[White "Marin, Mihail"]
[Black "Mieles Palau, Daniel"]
[Result "1-0"]
[ECO "A13"]
[WhiteElo "2496"]
[BlackElo "2382"]
[Annotator "ChessBase"]
[PlyCount "107"]
[EventDate "2019.12.26"]
[EventType "swiss"]
[EventCountry "ESP"]
[SourceTitle "playchess.com"]
[Source "ChessBase"]
[SourceQuality "1"]
[TimeControl "5400+30"]

1. c4 e6 2. g3 d5 3. Bg2 dxc4 4. Nf3 a6 5. O-O Nf6 6. Qc2 Bd6 7. Qxc4 b5 8. Qc2 Bb7 9. a4 Nbd7 10. Nc3 b4 11. Nd1 c5 12. Ne3 a5 13. Nc4 Be7 14. d3 Rc8 15. Nfd2 Bxg2 16. Kxg2 Nb8 17. Nb3 Nc6 18. e4 Nd4 19. Qd1 Nxb3 20. Qxb3 Nd7 21. Be3 O-O 22. f4 Rc6 23. Qd1 Qa8 24. Qf3 Nb6 25. Rfd1 Nxc4 26. dxc4 Rd8 27. e5 Rcc8 28. Rxd8+ Rxd8 29. Qxa8 Rxa8 30. Rd1 Ra7 31. g4 Rb7 32. b3 Kf8 33. f5 Ke8 34. Kf3 g6 35. f6 Bf8 36. Ke2 Rd7 37. Rf1 h6 38. Rf3 Kd8 39. Rh3 g5 40. Rh5 Kc7 41. h4 gxh4 42. Rxh4 Kc6 43. Rh1 Rd8 44. Rd1 Re8 45. Kf3 Kc7 46. Kg3 Ra8 47. Kh4 Rb8 48. Kh5 Rc8 49. Rd3 Ra8 50. Bxh6 Bxh6 51. Kxh6 Rg8 52. g5 Rg6+ 53. Kh5 Rg8 54. Kg4 {[%emt 0:00:00] Kd8} 1-0

[Event "VIII Lorca Open-A 2019"]
[Site "Lorca"]
[Date "2019.12.29"]
[Round "6.8"]
[White "Harutyunian, Tigran K."]
[Black "Martinez Fernandez, Adrian"]
[Result "1-0"]
[ECO "B38"]
[WhiteElo "2540"]
[BlackElo "2354"]
[Annotator "ChessBase"]
[PlyCount "87"]
[EventDate "2019.12.26"]
[EventType "swiss"]
[EventCountry "ESP"]
[SourceTitle "playchess.com"]
[Source "ChessBase"]
[SourceQuality "1"]
[TimeControl "5400+30"]

1. Nf3 c5 2. c4 g6 3. e4 Bg7 4. d4 cxd4 5. Nxd4 Nc6 6. Be3 Nf6 7. Nc3 O-O 8. Be2 b6 9. O-O Bb7 10. f3 Qb8 11. Qd2 Rd8 12. Ndb5 d6 13. Nd5 Rd7 14. Rfd1 Qf8 15. Rac1 Ne8 16. f4 e6 17. Ndc3 Rad8 18. Bf3 Nc7 19. Nxc7 Rxc7 20. Nb5 Rcd7 21. e5 dxe5 22. Qxd7 Rxd7 23. Rxd7 Nd4 24. Rxb7 Nxf3+ 25. gxf3 Qa8 26. c5 bxc5 27. Rd7 Qxf3 28. Bf2 Qxf4 29. Rxc5 Qg4+ 30. Kf1 Bh6 31. Rc8+ Kg7 32. Rcc7 Qh3+ 33. Ke1 Qxh2 34. Rxf7+ Kg8 35. Nd6 Qh1+ 36. Ke2 Qh5+ 37. Rf3 Bf4 38. Ne4 Qf5 39. Rc4 Kg7 40. Bh4 Qg4 41. Rc7+ Kf8 42. Be7+ Kg7 43. Bd6+ Kh6 44. Bf8+ 1-0